 Dungeon Crawl Stone Soup version 0.26-a0-1033-gd598b01645 (webtiles) character file.

Game seed: 4220867152954658413

91 Morbidden the Conjurer (level 4, 17/32 HPs)
             Began as a Demonspawn Conjurer on Dec 10, 2020.
             Quit the game on level 2 of the Dungeon.
             The game lasted 00:02:24 (2426 turns).

Morbidden the Conjurer (Demonspawn Conjurer)        Turns: 2426, Time: 00:02:25

Health: 17/32      AC:  2    Str:  8    XL:     4   Next: 34%
Magic:  3/7        EV: 12    Int: 20    God:
Gold:   129        SH:  9    Dex: 11    Spells: 4/7 levels left

rFire    . . .     SeeInvis .   g - +2 dagger (venom)
rCold    . . .     Faith    .   (no shield)
rNeg     . . .     Spirit   .   a - +0 robe
rPois    .         Reflect  +   (helmet restricted)
rElec    .         Harm     .   (no cloak)
rCorr    .         Rampage  .   (no gloves)
Will     .....                  (no boots)
Stlth    ++........             j - amulet of reflection
HPRegen  0.10/turn              k - ring of wizardry
MPRegen  0.10/turn              (no ring)

@: no status effects
A: antennae 1, large bone plates 1, rot immunity
a: no special abilities


You were on level 2 of the Dungeon.
You visited 1 branch of the dungeon, and saw 2 of its levels.

You collected 129 gold pieces.

Inventory:

Hand Weapons
 g - a +2 dagger of venom (weapon)
Missiles
 h - 10 poisoned darts (quivered)
Armour
 a - a +0 robe (worn)
 i - +0 ice dragon scales
Jewellery
 j - an amulet of reflection (around neck)
 k - a ring of wizardry (left hand)
Scrolls
 b - a scroll of enchant armour {unknown}
 e - a scroll of identify
 l - a scroll of fear {unknown}
 m - a scroll of enchant weapon {unknown}
 n - 2 scrolls of immolation {unknown}
 p - a scroll of remove curse {unknown}
Potions
 c - a potion of invisibility {unknown}
 d - a potion of ambrosia {unknown}
 f - 2 potions of flight {unknown}
 o - a potion of attraction {unknown}


   Skills:
 * Level 1.2 Fighting
 + Level 0.4 Short Blades
 + Level 1.9 Dodging
 + Level 2.1 Stealth
 + Level 0.1 Shields
 * Level 2.2 Spellcasting
 * Level 5.1 Conjurations


You had 4 spell levels left.
You knew the following spells:

 Your Spells              Type           Power        Failure   Level
a - Magic Dart            Conj           ###.         1%          1
b - Searing Ray           Conj           ###...       1%          2

Your spell library contained the following spells:

 Spells                   Type           Power        Failure   Level
 Dazzling Flash           Conj/Hex       ##....       6%          3
 Fulminant Prism          Conj/Hex       ##........   21%         4
 Iskenderun's Mystic Bla  Conj/Tloc      ##......     21%         4


Dungeon Overview and Level Annotations

Branches:
Dungeon (2/15)

Altars:


Innate Abilities, Weirdness & Mutations

You have a pair of small antennae on your head.
You are partially covered in large bone plates. (SH +4)
You are immune to rotting.


Message History

Aim: a rat (22% to evade)
The searing ray hits the rat!
You kill the rat! (Press . to maintain the ray.)
The white imp gestures at you. The puff of frost hits you!
The searing ray hits the iron imp but does no damage.
The searing ray hits Natasha!
You kill Natasha!
Natasha screams in pain as she dies!
The white imp disappears in a puff of smoke!
The iron imp disappears in a puff of smoke! x2
You have reached level 4!
You feel stronger.
Your demonic ancestry asserts itself...
A pair of antennae grows on your head!
Unknown command.
Unknown command.
Unknown command.
Unknown command.
Are you sure you want to abandon this character and quit the game? (Confirm with "yes".)

#...# #. ######### #...# #.
........# ##...##..
........# ###..###.(
........# #....# .#
........#####..#####5#
...........#(..# #..##
........##..†.#####...####
##...##.##..#...@†§†.§.....
##..##.##..#########......
#.<##.....# ######
#..#.....#######
####..............
............####
........###.###########.#
##..#...###...#.).......#
##.#.#..........########


There were no monsters in sight!

Vanquished Creatures
  Natasha (twice) (D:2)
  An ooze (D:1)
  2 dart slugs
  5 hobgoblins
  2 jackals (D:1)
  6 kobolds
  5 bats
  6 frilled lizards
  10 rats
39 creatures vanquished.

Notes
Turn   | Place    | Note
-------+----------+-------------------------------------------
     0 | D:1      | Morbidden the Demonspawn Conjurer began the quest for the
                  | Orb.
     0 | D:1      | Reached XP level 1. HP: 13/13 MP: 3/3
   888 | D:1      | Gained mutation: You are partially covered in large bone
                  | plates. (SH +4) [demonic ancestry]
   888 | D:1      | Reached XP level 2. HP: 19/20 MP: 1/5
  1502 | D:1      | Gained mutation: You are immune to rotting. [demonic
                  | ancestry]
  1502 | D:1      | Reached XP level 3. HP: 25/25 MP: 6/6
  1801 | D:2      | Learned a level 2 spell: Searing Ray
  1908 | D:2      | Noticed Natasha
  2027 | D:2      | Killed Natasha
  2028 | D:2      | Reached skill level 1 in Fighting
  2028 | D:2      | Reached skill level 5 in Conjurations
  2412 | D:2      | Noticed Natasha
  2425 | D:2      | Killed Natasha
  2426 | D:2      | Gained mutation: You have a pair of small antennae on your
                  | head. [demonic ancestry]
  2426 | D:2      | Reached XP level 4. HP: 17/32 MP: 3/7
  2426 | D:2      | Quit the game

Illustrated notes

Levels and vault maps discovered:
D:1:      erik_arrival_triangle_small, layout_basic, minmay_cut_off
D:2:      layout_rooms, nicolae_overflow_hidden_temple, uniq_natasha

Skill      XL: |  1  2  3 |
---------------+----------+-----
Stealth        | 2 |  2.1
Fighting       | 1 |  1.2
Conjurations   | 5 |  5.1
Short Blades   | |  0.4
Dodging        | |  1.9
Shields        | |  0.1
Spellcasting   | |  2.2

Action                   |  1- 3 |  4- 6 || total
-------------------------+-------+-------++-------
Melee: Unarmed           |     5 |       ||     5
       Dagger            |    51 |       ||    51
 Cast: Magic Dart        |    29 |       ||    29
       Searing Ray       |     2 |       ||     2
  Use: Scroll            |     1 |       ||     1
 Stab: Sleeping          |     2 |       ||     2
Armor: Robe              |     5 |       ||     5
Dodge: Dodged            |    30 |       ||    30
Block: Other             |    16 |       ||    16
       Reflection        |     1 |       ||     1

Table legend: (Time is in decaauts)
 A = Elapsed time spent in this place.
 B = Non-inter-level travel time spent in this place.
 C = Inter-level travel time spent in this place.
 D = Time resting spent in this place.
 E = Time spent auto-exploring this place.
 F = Levels seen in this place.
 G = Mean time per level.
                   A        B        C        D        E       F      G
               +--------+--------+--------+--------+--------+-----+--------+
         Total |   2424 |   2382 |     42 |    605 |   1470 |   2 | 1212.0 |
       Dungeon |   2424 |   2382 |     42 |    605 |   1470 |   2 | 1212.0 |
               +--------+--------+--------+--------+--------+-----+--------+

Top non-repeatable levels by time:
     D:1: 1719 daAuts
     D:2: 705 daAuts
